 Dungeon Crawl Stone Soup version 0.27-a0-978-g2aa4ecdaef (webtiles) character file.

Game seed: 10858303564634021626

4 robertstho the Magician (level 1, -1/15 HPs)
             Began as a Djinni Fire Elementalist on Apr 14, 2021.
             Slain by a hobgoblin (4 damage)
             ... on level 1 of the Dungeon.
             The game lasted 00:00:15 (160 turns).

robertstho the Magician (Djinni Fire Elementalist)   Turns: 160, Time: 00:00:16

Health: -1/15      AC:  2    Str:  7    XL:     1   Next: 60%
Gold:   0          EV: 12    Int: 16    God:
                   SH:  0    Dex: 13

rFire    + + .     SeeInvis .   (no weapon)
rCold    x . .     Faith    .   (no shield)
rNeg     . . .     Spirit   .   a - +0 robe
rPois    ∞         Reflect  .   (no helmet)
rElec    .         Harm     .   (no cloak)
rCorr    .         Rampage  .   (no gloves)
Will     .....                  (boots unavailable)
Stlth    ++........             (no amulet)
HPRegen  0.05/turn              (no ring)
MPRegen  0.00/turn              (no ring)

@: flying
A: fire resistance 2, cold vulnerability 1, float, innate caster, hp casting,
extra vitality 1
a: no special abilities


You were on level 1 of the Dungeon.
You visited 1 branch of the dungeon, and saw 1 of its levels.

Inventory:

Armour
 a - a +0 robe (worn)


   Skills:
 + Level 2.2 Dodging
 + Level 1.6 Stealth
 + Level 2.9 Spellcasting


You couldn't memorise any spells.
You knew the following spells:

 Your Spells              Type           Power      Damage    Failure   Level
a - Foxfire               Conj/Fire      44%        2x1d6     6%          1
b - Conjure Flame         Conj/Fire      11%        6-21      17%         3
c - Inner Flame           Hex/Fire       11%        N/A       17%         3
d - Sticky Flame          Conj/Fire      11%        2d3       50%         4
e - Fireball              Conj/Fire      5%         3d5       85%         5
Your spell library was empty.

Dungeon Overview and Level Annotations

Branches:
Dungeon (1/15)

Altars:


Innate Abilities, Weirdness & Mutations

You are immune to poison.
Your flesh is very heat resistant. (rF++)
You are vulnerable to cold. (rC-)
You float through the air rather than walking.
You learn spells naturally, not from books.
Your magical power is your life essence.
You have superior vitality. (+4 HP)


Message History

Casting: Foxfire (safe; 6% risk of failure)
Confirm with . or Enter, or press ? or * to list all spells.
You conjure some foxfire!
Casting: Foxfire (safe; 6% risk of failure)
Confirm with . or Enter, or press ? or * to list all spells.
You miscast Foxfire.
You are very lightly contaminated with residual magic.
Nothing appears to happen.
The foxfire hits the bat.
You kill the bat!
Your foxfire dissipates!
Your magical contamination has completely faded away.
A hobgoblin comes into view.
The hobgoblin shouts!
A rat comes into view.
Found 7 gold pieces.
You see here a bat corpse.
Casting: Foxfire (safe; 6% risk of failure)
Confirm with . or Enter, or press ? or * to list all spells.
You conjure some foxfire!
The hobgoblin hits you.
The foxfire hits the hobgoblin.
The hobgoblin is severely wounded.
The hobgoblin hits you.
Casting: Foxfire (safe; 6% risk of failure)
Confirm with . or Enter, or press ? or * to list all spells.
You conjure some foxfire!
The hobgoblin hits you.
* * * LOW HITPOINT WARNING * * *
The foxfire hits the rat.
The rat is severely wounded.
The foxfire hits the hobgoblin but does no damage.
The hobgoblin is severely wounded.
The hobgoblin barely misses you.
Unknown command.
The foxfire hits the rat.
You kill the rat!
You see here a bat corpse.
Casting: Foxfire (safe; 6% risk of failure)
Confirm with . or Enter, or press ? or * to list all spells.
You conjure some foxfire!
* * * LOW HITPOINT WARNING * * *
The hobgoblin hits you.
You die...

##.# ##...# #.....# ..$....
#.....†### #...#
#.##.#†##########
.............v...##..
#########...g@......#
#############v...###.#
###.......### ##...# #.#
#...........## ##..# #.#
.(..≈≈.≈≈....## #..###.#
..≈≈≈≈.≈≈≈≈...# #...##.#
.≈≈.....§.≈≈..####..##.#######
.≈..≈≈≈≈§..≈...# #............
≈§.§≈...≈≈.≈≈..# #.#.#####.###


You could see a hobgoblin (ally target).

Vanquished Creatures
  A dart slug (D:1)
  A bat (D:1)
  A rat (D:1)
3 creatures vanquished.

Vanquished Creatures (others)
  10 foxfires (D:1)
10 creatures vanquished.

Grand Total: 13 creatures vanquished

Notes
Turn   | Place    | Note
-------+----------+-------------------------------------------
     0 | D:1      | robertstho the Djinni Fire Elementalist began the quest for
                  | the Orb.
     0 | D:1      | Reached XP level 1. HP: 15/15 MP: 0/0
   160 | D:1      | Slain by a hobgoblin

Illustrated notes

Levels and vault maps discovered:
D:1:      dpeg_arrival_concentric_ovals, layout_loops_ring

Action                   || total
-------------------------++-------
 Cast: Foxfire           ||     7
Dodge: Dodged            ||     1

Table legend: (Time is in decaauts)
 A = Elapsed time spent in this place.
 B = Non-inter-level travel time spent in this place.
 C = Inter-level travel time spent in this place.
 D = Time resting spent in this place.
 E = Time spent auto-exploring this place.
 F = Levels seen in this place.
 G = Mean time per level.
                   A        B        C        D        E       F      G
               +--------+--------+--------+--------+--------+-----+--------+
         Total |    160 |    160 |      0 |      0 |    132 |   1 |  160.0 |
       Dungeon |    160 |    160 |      0 |      0 |    132 |   1 |  160.0 |
               +--------+--------+--------+--------+--------+-----+--------+

Top non-repeatable levels by time:
     D:1: 160 daAuts
